 Dungeon Crawl Stone Soup version 0.28-a0-1429-gf3d713df7a (webtiles) character file.

Game seed: 17220158499811862025

42 southernslant the Skirmisher (level 3, -3/23 HPs)
             Began as a Gargoyle Gladiator on Jan 8, 2022.
             Slain by Terence (4 damage)
             ... on level 2 of the Dungeon.
             The game lasted 00:03:22 (1414 turns).

southernslant the Skirmisher (Gargoyle Gladiator)   Turns: 1414, Time: 00:03:22

Health: -3/23      AC:  7    Str: 25    XL:     3   Next: 56%
Magic:  3/3        EV: 12    Int:  8    God:
Gold:   17         SH:  0    Dex: 11    Spells: 2/2 levels left

rFire   . . .      SeeInvis .   a - +0 trident
rCold   . . .      Faith    .   (no shield)
rNeg    + . .      Spirit   .   b - +0 leather armour
rPois   ∞          Reflect  .   c - +0 helmet
rElec   +          Harm     .   (no cloak)
rCorr   .          Rampage  .   (no gloves)
Will    .....                   (no boots)
Stlth   +.........              (no amulet)
HPRegen 0.07/turn               m - +6 ring of strength
MPRegen 0.08/turn               (no ring)

@: no status effects
A: sickness immunity, AC +3, negative energy resistance 1, electricity
resistance, torment resistance 1, petrification resistance
a: no special abilities


You were on level 2 of the Dungeon.
You visited 1 branch of the dungeon, and saw 2 of its levels.

You collected 17 gold pieces.

Inventory:

Hand Weapons
 a - a +0 trident (weapon)
 h - a +3 short sword
Missiles
 d - 2 throwing nets (quivered)
 f - 142 stones
Armour
 b - a +0 leather armour (worn)
 c - a +0 helmet (worn)
Jewellery
 m - a +6 ring of strength (left hand)
 n - an amulet of faith
Scrolls
 e - 3 scrolls of enchant weapon {unknown}
 g - a scroll of teleportation {unknown}
 i - 2 scrolls of blinking {unknown}
 j - a scroll of identify {unknown}
Potions
 k - a potion of magic {unknown}
 l - a potion of invisibility {unknown}


   Skills:
 * Level 3.0 Fighting
 + Level 2.8 Polearms
 + Level 2.0 Throwing
 * Level 1.7 Armour
 + Level 2.6 Dodging


You had 2 spell levels left.
You didn't know any spells.
Your spell library was empty.

Dungeon Overview and Level Annotations

Branches:
Dungeon (2/15)

Altars:

Shops:
D:1 (

Annotations:
D:2 Terence


Innate Abilities, Weirdness & Mutations

You are immune to sickness and miasma.
Your stone body is resilient. (AC +3)
You are immune to poison.
You resist negative energy. (rN+)
You are resistant to electric shocks. (rElec)
You are resistant to unholy torment.
You are immune to petrification.


Message History

Terence hits you with a +0 mace!
You closely miss Terence.
Terence is moderately wounded.
Terence says, "Did you write a will?
You should..."
Terence hits you but does no damage.
You closely miss Terence.
Terence is moderately wounded.
Terence closely misses you. Terence barely misses you.
Throw: 3 throwing nets
Press: ? - help, Q - select action, (/) - cycle Shift-Dir - straight line, f/p - Terence
Aim: Terence, wielding a +0 mace and wearing a +0 scale mail of cold resistance (moderately wounded, 61% to hit)
You throw a throwing net. The throwing net hits Terence.
Terence is caught in the net!
Terence is moderately wounded.
You hit Terence.
Terence is severely wounded.
Terence struggles against the net. x2
You hit Terence.
Terence is almost dead.
Terence struggles against the net.
You catch the helpless Terence completely off-guard!
You hit Terence but do no damage.
Terence is almost dead.
Terence struggles against the net.
You hit Terence.
Terence is almost dead.
Terence struggles against the net.
You completely miss Terence.
Terence is almost dead.
Terence struggles against the net.
The net rips apart, and Terence comes free!
You hit Terence but do no damage.
Terence is almost dead.
Terence hits you with a +0 mace.
You hit Terence but do no damage.
Terence is almost dead.
Terence hits you with a +0 mace.
* * * LOW HITPOINT WARNING * * *
Terence hits you with a +0 mace.
You die...

#.##.$ #.##.# ##
##.##.# ...
#...#.###....
#......>>....
#.......@....
##†##.###... ###.##@#
######...##@# #
.......#..).# #.# ###
# ......###.### #.#
#.. #####..#..# #.#
#.# ##...## ##.######
#.# ##..# #.......#
#.# #..# #.......# #.#
#..#####.....(.###.###
#.............†)......


You could see Terence.

Vanquished Creatures
  An adder (D:2)
  A dart slug (D:1)
  2 ball pythons
  3 bats
  An endoplasm (D:1)
  A giant cockroach (D:1)
  2 goblins (D:2)
  5 hobgoblins
  3 jackals (D:1)
  3 frilled lizards (D:1)
  3 kobolds (D:1)
  4 rats
29 creatures vanquished.

Notes
Turn   | Place    | Note
-------+----------+-------------------------------------------
     0 | D:1      | southernslant the Gargoyle Gladiator began the quest for
                  | the Orb.
     0 | D:1      | Reached XP level 1. HP: 12/12 MP: 1/1
    91 | D:1      | Found Etatafew's Weapon Shoppe.
   232 | D:1      | Reached XP level 2. HP: 9/18 MP: 2/2
   435 | D:1      | Reached skill level 1 in Armour
  1196 | D:2      | Reached XP level 3. HP: 22/22 MP: 3/3
  1383 | D:2      | Reached skill level 3 in Fighting
  1393 | D:2      | Noticed Terence
  1414 | D:2      | HP: 1/23 [Terence (6)]
  1414 | D:2      | Slain by Terence

Illustrated notes

Levels and vault maps discovered:
D:1:      dpeg_arrival_three_same_balls, layout_loops_ring, serial_shops,
          nicolae_shop_advertising_works [nicolae_subvault_shop_adworks]
D:2:      layout_loops_ring, kennysheep_generic_room_13, uniq_terence

Skill      XL: |  1  2  3 |
---------------+----------+-----
Armour         | 1 |  1.7
Throwing       | 2 |  2.0
Fighting       | 3 |  3.0
Polearms       | |  2.8
Dodging        | |  2.6

Action                   || total
-------------------------++-------
Melee: Trident           ||    96
Throw: Throwing net      ||     1
 Stab: Held in net/web   ||     1
Armor: Leather armour    ||    23
Dodge: Dodged            ||    42

Table legend: (Time is in decaauts)
 A = Elapsed time spent in this place.
 B = Non-inter-level travel time spent in this place.
 C = Inter-level travel time spent in this place.
 D = Time resting spent in this place.
 E = Time spent auto-exploring this place.
 F = Levels seen in this place.
 G = Mean time per level.
                   A        B        C        D        E       F      G
               +--------+--------+--------+--------+--------+-----+--------+
         Total |   1428 |   1408 |     20 |      0 |   1134 |   2 |  714.0 |
       Dungeon |   1428 |   1408 |     20 |      0 |   1134 |   2 |  714.0 |
               +--------+--------+--------+--------+--------+-----+--------+

Top non-repeatable levels by time:
     D:1: 1199 daAuts
     D:2: 228 daAuts
